[Event "44th Chess Olympiad Open 2022"]
[Site "Chennai"]
[Date "2022.08.05"]
[Round "7.16"]
[White "Zacarias, M Ruben D"]
[Black "Jianu, Vlad-Cristian"]
[Result "0-1"]
[ECO "B12"]
[WhiteElo "2175"]
[BlackElo "2511"]
[Annotator "RC"]
[PlyCount "98"]
[EventDate "2022.07.29"]
[EventType "team-tourn"]
[EventCountry "IND"]
[SourceTitle "playchess.com"]
[Source "ChessBase"]
[SourceQuality "1"]
[WhiteTeam "Paraguay"]
[BlackTeam "Romania"]
[WhiteTeamCountry "PAR"]
[BlackTeamCountry "ROU"]
[TimeControl "40/5400+30:1800+30"]

1. e4 c6 2. d4 d5 3. e5 Bf5 4. h4 h5 5. Bd3 Bxd3 6. Qxd3 Qa5+ 7. Nd2 e6 8. Ngf3 Nh6 9. O-O Nf5 10. Nb3 Qb5 11. Qd1 c5 12. a4 Qb6 13. dxc5 Bxc5 14. Nxc5 Qxc5 15. Bg5 Nc6 16. c3 Rc8 17. Re1 Qb6 18. b3 Nce7 19. Rc1 a6 20. Nd2 Rc6 21. c4 Qd4 22. cxd5 Qxd5 23. Ne4 Qxd1 24. Rexd1 Rxc1 25. Rxc1 Nc6 26. Nc5 O-O 27. Bf4 Ncd4 28. Kf1 Nxh4 29. Rc4 Nhf5 30. Nxb7 Nxb3 31. Rc7 Nbd4 32. Nc5 Rb8 33. g3 Rb1+ 34. Kg2 Ne2 35. Bg5 Rg1+ 36. Kf3 Nexg3 37. Rc8+ Kh7 38. Nd7 Nd4+ 39. Kf4 Nge2+ 40. Ke4 Rxg5 41. Nf8+ Kh6 42. Nd7 Rg4+ 43. Ke3 Ng1 44. f4 Nf5+ 45. Ke4 g5 46. Nf6 Rxf4+ 47. Kd3 Ne7 48. Rh8+ Kg6 49. Rxh5 Nf3 0-1

[Event "44th Chess Olympiad Open 2022"]
[Site "Chennai"]
[Date "2022.08.05"]
[Round "7.17"]
[White "Yilmaz, Mustafa"]
[Black "Hoffman, Alejandro"]
[Result "1-0"]
[ECO "D36"]
[WhiteElo "2634"]
[BlackElo "2390"]
[Annotator "ChessBase"]
[PlyCount "65"]
[EventDate "2022.07.29"]
[EventType "team-tourn"]
[EventCountry "IND"]
[SourceTitle "playchess.com"]
[Source "ChessBase"]
[SourceQuality "1"]
[WhiteTeam "Turkey"]
[BlackTeam "Uruguay"]
[WhiteTeamCountry "TUR"]
[BlackTeamCountry "URU"]
[TimeControl "40/5400+30:1800+30"]

1. d4 Nf6 2. c4 e6 3. Nf3 d5 4. Nc3 Nbd7 5. cxd5 exd5 6. Bg5 Be7 7. e3 O-O 8. Bd3 c6 9. Qc2 Re8 10. Bf4 a6 11. h3 c5 12. dxc5 Nxc5 13. Rd1 Be6 14. Ng5 h6 15. Nxe6 Nxe6 16. Be5 Nd7 17. Bh7+ Kh8 18. Rxd5 Qc8 19. Be4 Nxe5 20. Rxe5 Bf6 21. Rd5 Qc4 22. Rd2 Rad8 23. Bd3 Qh4 24. O-O Ng5 25. Rfd1 Rc8 26. Qb3 Rc5 27. Kf1 Nxh3 28. Qxf7 Rce5 29. Qc4 Nf4 30. Qxf4 Qh1+ 31. Ke2 Qxg2 32. Be4 Qh3 33. Rd6 1-0

[Event "44th Chess Olympiad Open 2022"]
[Site "Chennai"]
[Date "2022.08.05"]
[Round "7.17"]
[White "Ali Marandi, Cemil Can"]
[Black "Vazquez Facundo"]
[Result "1-0"]
[ECO "B40"]
[WhiteElo "2561"]
[BlackElo "2336"]
[Annotator "RC"]
[PlyCount "97"]
[EventDate "2022.07.29"]
[EventType "team-tourn"]
[EventCountry "IND"]
[SourceTitle "playchess.com"]
[Source "ChessBase"]
[SourceQuality "1"]
[WhiteTeam "Turkey"]
[BlackTeam "Uruguay"]
[WhiteTeamCountry "TUR"]
[BlackTeamCountry "URU"]
[TimeControl "40/5400+30:1800+30"]

1. e4 c5 2. Nf3 e6 3. b3 a6 4. Bb2 Nc6 5. c4 d6 6. d4 cxd4 7. Nxd4 Bd7 8. Bd3 Nf6 9. O-O Be7 10. Nd2 Nxd4 11. Bxd4 e5 12. Bb2 b5 13. Qe2 Qb6 14. Kh1 Rc8 15. f4 Ng4 16. h3 h5 17. Nf3 Bf6 18. fxe5 Nxe5 19. Nxe5 Bxe5 20. Bxe5 dxe5 21. cxb5 axb5 22. a4 bxa4 23. bxa4 Ra8 24. Bc4 O-O 25. Qxh5 Be6 26. a5 Qc6 27. Be2 Bc4 28. Bxc4 Qxc4 29. Qxe5 Rae8 30. Qg3 Ra8 31. Qf3 Ra6 32. e5 Qb5 33. Qf4 Re6 34. Rfb1 Qe2 35. Re1 Qb5 36. Re3 Ra8 37. Qd4 Rea6 38. e6 Rxe6 39. Rxe6 fxe6 40. Qa4 Qa6 41. Qd7 Qe2 42. a6 Rf8 43. Qd1 Qf2 44. a7 Ra8 45. Qb3 Qd4 46. Qb8+ Kh7 47. Ra5 Qe4 48. Rh5+ Kg6 49. Rh8 1-0

[Event "44th Chess Olympiad Open 2022"]
[Site "Chennai"]
[Date "2022.08.05"]
[Round "7.17"]
[White "Diaz Hollemaert, Nahuel"]
[Black "Sanal, Vahap"]
[Result "0-1"]
[ECO "A04"]
[WhiteElo "2425"]
[BlackElo "2574"]
[Annotator "RC"]
[PlyCount "130"]
[EventDate "2022.07.29"]
[EventType "team-tourn"]
[EventCountry "IND"]
[SourceTitle "playchess.com"]
[Source "ChessBase"]
[SourceQuality "1"]
[WhiteTeam "Uruguay"]
[BlackTeam "Turkey"]
[WhiteTeamCountry "URU"]
[BlackTeamCountry "TUR"]
[TimeControl "40/5400+30:1800+30"]

1. Nf3 c5 2. g3 Nc6 3. Bg2 g6 4. O-O Bg7 5. c3 e5 6. e4 Nge7 7. d3 O-O 8. a3 a5 9. a4 d6 10. Na3 h6 11. Nb5 f5 12. Nd2 Be6 13. Nc4 Nc8 14. exf5 gxf5 15. f4 e4 16. Ne3 exd3 17. Qxd3 Rf7 18. Nd5 Nb6 19. Re1 Bxd5 20. Bxd5 Nxd5 21. Qxd5 Bf8 22. Re6 Qd7 23. Bd2 Ra6 24. Rae1 Ne7 25. Qf3 d5 26. Qe2 Rc6 27. c4 d4 28. Qe5 Rxe6 29. Qxe6 Nc6 30. Qd5 Qxd5 31. cxd5 Nb4 32. Bxb4 axb4 33. b3 Rd7 34. Re5 Bg7 35. Re8+ Kf7 36. Rc8 d3 37. Kf2 Rxd5 38. Ke1 Bc3+ 39. Kd1 b6 40. Rc7+ Kf8 41. Rc6 Ke7 42. Rxb6 d2 43. Rb7+ Kd8 44. Rb8+ Kd7 45. Rb7+ Kc6 46. Re7 Rd3 47. Na7+ Kd5 48. Rd7+ Ke4 49. Re7+ Kf3 50. Nc6 c4 51. bxc4 Kg2 52. Re2+ Kh3 53. Na5 Rf3 54. Kc2 Rf1 55. Rxd2 Bxd2 56. Kxd2 Rf2+ 57. Kd3 Rf3+ 58. Kc2 Rc3+ 59. Kb2 Kxh2 60. Nc6 Rxc4 61. Ne5 Rc7 62. g4 Kg3 63. gxf5 Kxf4 64. Nd3+ Kxf5 65. Nxb4 h5 0-1

[Event "44th Chess Olympiad Open 2022"]
[Site "Chennai"]
[Date "2022.08.05"]
[Round "7.17"]
[White "Roselli Mailhe, Bernardo"]
[Black "Solak, Dragan"]
[Result "0-1"]
[ECO "D11"]
[WhiteElo "2413"]
[BlackElo "2594"]
[Annotator "ChessBase"]
[PlyCount "68"]
[EventDate "2022.07.29"]
[EventType "team-tourn"]
[EventCountry "IND"]
[SourceTitle "playchess.com"]
[Source "ChessBase"]
[SourceQuality "1"]
[WhiteTeam "Uruguay"]
[BlackTeam "Turkey"]
[WhiteTeamCountry "URU"]
[BlackTeamCountry "TUR"]
[TimeControl "40/5400+30:1800+30"]

1. d4 d5 2. c4 c6 3. Nf3 Nf6 4. e3 Bg4 5. Nc3 e6 6. h3 Bh5 7. g4 Bg6 8. Ne5 Nbd7 9. Nxg6 hxg6 10. Bd2 g5 11. Qb3 Rb8 12. Bg2 Nb6 13. cxd5 cxd5 14. O-O-O Be7 15. Kb1 Nc4 16. Bc1 b5 17. f4 gxf4 18. exf4 O-O 19. g5 Ne8 20. Ne2 Ned6 21. h4 b4 22. Ka1 Na5 23. Qa4 b3 24. Bd2 Nac4 25. axb3 Nxd2 26. Rxd2 Rb5 27. Kb1 Qb6 28. Rc1 Rxb3 29. Rc6 Qb8 30. Nc1 Rb4 31. Qa2 Nc4 32. Rf2 Qb5 33. Rc7 Rb8 34. Nd3 Ra4 0-1

[Event "44th Chess Olympiad Open 2022"]
[Site "Chennai"]
[Date "2022.08.05"]
[Round "7.18"]
[White "Mchedlishvili, Mikheil"]
[Black "Macovei, Andrei"]
[Result "1/2-1/2"]
[ECO "D41"]
[WhiteElo "2593"]
[BlackElo "2478"]
[Annotator "RC"]
[PlyCount "71"]
[EventDate "2022.07.29"]
[EventType "team-tourn"]
[EventCountry "IND"]
[SourceTitle "playchess.com"]
[Source "ChessBase"]
[SourceQuality "1"]
[WhiteTeam "Georgia"]
[BlackTeam "Moldova"]
[WhiteTeamCountry "GEO"]
[BlackTeamCountry "MDA"]
[TimeControl "40/5400+30:1800+30"]

1. d4 Nf6 2. c4 e6 3. Nf3 d5 4. Nc3 c5 5. cxd5 Nxd5 6. e4 Nxc3 7. bxc3 cxd4 8. cxd4 Bb4+ 9. Bd2 Bxd2+ 10. Qxd2 O-O 11. Bc4 Nd7 12. O-O b6 13. Rfe1 Bb7 14. Rad1 Rc8 15. Bb3 Re8 16. h3 Qf6 17. Re3 Qf4 18. Qe2 Nf6 19. g3 Qc7 20. Ne5 b5 21. Ng4 Nxg4 22. hxg4 Qb6 23. d5 exd5 24. Bxd5 Bxd5 25. Rxd5 a6 26. g5 h6 27. Kg2 hxg5 28. Rxg5 Rc5 29. Rg4 Qe6 30. Rh4 Re5 31. Qb2 f5 32. exf5 Qd5+ 33. Rf3 Rxf5 34. Qb3 Qxb3 35. axb3 Rxf3 36. Kxf3 1/2-1/2

[Event "44th Chess Olympiad Open 2022"]
[Site "Chennai"]
[Date "2022.08.05"]
[Round "7.18"]
[White "Gelashvili, Tamaz"]
[Black "Ceres, Dragos"]
[Result "0-1"]
[ECO "D05"]
[WhiteElo "2549"]
[BlackElo "2378"]
[Annotator "RC"]
[PlyCount "64"]
[EventDate "2022.07.29"]
[EventType "team-tourn"]
[EventCountry "IND"]
[SourceTitle "playchess.com"]
[Source "ChessBase"]
[SourceQuality "1"]
[WhiteTeam "Georgia"]
[BlackTeam "Moldova"]
[WhiteTeamCountry "GEO"]
[BlackTeamCountry "MDA"]
[TimeControl "40/5400+30:1800+30"]

1. Nf3 d5 2. d4 e6 3. e3 Nf6 4. Bd3 Bd6 5. O-O O-O 6. b3 c5 7. Bb2 Nc6 8. Nbd2 b6 9. a3 Bb7 10. c4 cxd4 11. exd4 Ne7 12. Qe2 Rc8 13. Ne5 Bb8 14. Rad1 Nf5 15. Rfe1 dxc4 16. Ndxc4 Nd5 17. Qg4 f6 18. Nf3 Nf4 19. Bxf5 exf5 20. Qxf5 g6 21. Qb5 Bxf3 22. gxf3 a6 23. Qxa6 Qd7 24. Bc1 Qh3 25. Bxf4 Bxf4 26. Rd2 Qxh2+ 27. Kf1 Bxd2 28. Nxd2 Qh1+ 29. Ke2 Rfe8+ 30. Ne4 Rxe4+ 31. fxe4 Qxe4+ 32. Kd2 Qc2+ 0-1

[Event "44th Chess Olympiad Open 2022"]
[Site "Chennai"]
[Date "2022.08.05"]
[Round "7.18"]
[White "Schitco, Ivan"]
[Black "Jobava, Baadur"]
[Result "1/2-1/2"]
[ECO "A20"]
[WhiteElo "2490"]
[BlackElo "2585"]
[Annotator "RC"]
[PlyCount "87"]
[EventDate "2022.07.29"]
[EventType "team-tourn"]
[EventCountry "IND"]
[SourceTitle "playchess.com"]
[Source "ChessBase"]
[SourceQuality "1"]
[WhiteTeam "Moldova"]
[BlackTeam "Georgia"]
[WhiteTeamCountry "MDA"]
[BlackTeamCountry "GEO"]
[TimeControl "40/5400+30:1800+30"]

1. c4 e5 2. Nf3 e4 3. Nd4 Nc6 4. e3 Nxd4 5. exd4 Qf6 6. Nc3 Qxd4 7. Be2 Nf6 8. O-O c6 9. d3 Bd6 10. Be3 Qe5 11. g3 Qe7 12. dxe4 Be5 13. Bd4 d6 14. f4 Bxd4+ 15. Qxd4 Bh3 16. Rfe1 O-O 17. Rad1 Rfd8 18. Bf3 Bg4 19. Bxg4 Nxg4 20. Kg2 h6 21. Re2 Nf6 22. h3 a6 23. a4 a5 24. Rd3 Qe6 25. c5 dxc5 26. Qxd8+ Rxd8 27. Rxd8+ Kh7 28. e5 Nd7 29. f5 Qe7 30. Rxd7 Qxd7 31. e6 Qe7 32. Ne4 Kg8 33. Nd6 Kf8 34. f6 gxf6 35. Nf5 Qxe6 36. Rxe6 fxe6 37. Nd6 b5 38. Nb7 c4 39. Nxa5 c3 40. bxc3 bxa4 41. Nc4 h5 42. Kf3 Kg7 43. Ke4 f5+ 44. Kf4 1/2-1/2

[Event "44th Chess Olympiad Open 2022"]
[Site "Chennai"]
[Date "2022.08.05"]
[Round "7.18"]
[White "Baltag, Iulian"]
[Black "Pantsulaia, Levan"]
[Result "1/2-1/2"]
[ECO "E90"]
[WhiteElo "2405"]
[BlackElo "2581"]
[Annotator "RC"]
[PlyCount "124"]
[EventDate "2022.07.29"]
[EventType "team-tourn"]
[EventCountry "IND"]
[SourceTitle "playchess.com"]
[Source "ChessBase"]
[SourceQuality "1"]
[WhiteTeam "Moldova"]
[BlackTeam "Georgia"]
[WhiteTeamCountry "MDA"]
[BlackTeamCountry "GEO"]
[TimeControl "40/5400+30:1800+30"]

1. d4 Nf6 2. c4 c5 3. d5 g6 4. Nc3 Bg7 5. e4 d6 6. h3 O-O 7. Nf3 e6 8. Be3 Na6 9. Bd3 e5 10. Nd2 Kh8 11. g4 Ng8 12. h4 Nb4 13. Bb1 Nh6 14. a3 Na6 15. f3 f5 16. g5 Nf7 17. Bd3 f4 18. Bf2 Rg8 19. Ke2 Bf8 20. Qg1 Be7 21. Qh2 Bd7 22. Rag1 Nc7 23. b4 b6 24. Rb1 Ne8 25. Rb3 Ng7 26. bxc5 dxc5 27. a4 a5 28. Rhb1 Ra6 29. Nb5 Nh5 30. Nf1 Bd6 31. Be1 Bb8 32. Kd1 h6 33. gxh6 Nxh6 34. Qb2 Qf6 35. Nc3 Bc7 36. Qh2 Nf7 37. R3b2 Rg7 38. Rg2 Ra8 39. Nb5 Bd8 40. Nc3 Bc7 41. Nb5 Bd8 42. Nc3 Be7 43. Rgb2 Ra6 44. Rg2 Bd8 45. Kc1 Rh7 46. Qg1 Rh6 47. Nh2 Ng3 48. Nf1 Nh5 49. Nh2 Ng3 50. Nf1 Bh3 51. Rh2 Bxf1 52. Bxf1 Rxh4 53. Ne2 Rxh2 54. Qxh2+ Qh4 55. Bxg3 fxg3 56. Qxg3 Qxg3 57. Nxg3 Kg7 58. Kd2 Ra7 59. Bh3 Nd6 60. Kd3 Rf7 61. Bg4 Rf8 62. Rh1 Rh8 1/2-1/2

[Event "44th Chess Olympiad Open 2022"]
[Site "Chennai"]
[Date "2022.08.05"]
[Round "7.19"]
[White "Vocaturo, Daniele"]
[Black "Ferreira, Jorge Viterbo"]
[Result "1/2-1/2"]
[ECO "C42"]
[WhiteElo "2616"]
[BlackElo "2499"]
[Annotator "TA"]
[PlyCount "60"]
[EventDate "2022.07.29"]
[EventType "team-tourn"]
[EventCountry "IND"]
[SourceTitle "playchess.com"]
[Source "ChessBase"]
[SourceQuality "1"]
[WhiteTeam "Italy"]
[BlackTeam "Portugal"]
[WhiteTeamCountry "ITA"]
[BlackTeamCountry "POR"]
[TimeControl "40/5400+30:1800+30"]

1. e4 e5 2. Nf3 Nf6 3. Nxe5 d6 4. Nf3 Nxe4 5. d4 d5 6. Bd3 Bf5 7. O-O Be7 8. Re1 O-O 9. c4 {[%emt 0:00:47] 9.Nbd2 is the fancy move.} Nc6 10. cxd5 {[%emt 0:00:45] C42: Petroff Defence: 3 Nxe5 and unusual White 3rd moves.} Qxd5 11. Nc3 Nxc3 12. bxc3 Rae8 13. Bf4 Bd8 {[%emt 0:06:10] [#]} 14. Re3 $146 ({Predecessor:} 14. Be2 Be4 15. Bg3 Qa5 16. Qc1 Bxf3 17. Bxf3 Bg5 18. Qb2 Nxd4 19. Bxb7 Nf5 20. Bc6 Rxe1+ 21. Rxe1 Nxg3 22. hxg3 Qb6 23. Qxb6 axb6 24. Kf1 Rd8 {½-½ (24) Paravyan,D (2631)-Rakhmanov,A (2653) Moscow 2021}) 14... Rxe3 {[%emt 0:05:02] The position is equal.} 15. fxe3 Bxd3 16. Qxd3 Re8 {[%emt 0:00:17] Inhibits e4.} 17. Nd2 Ne5 18. Bxe5 Rxe5 19. e4 Qd7 20. Nc4 Re8 21. a4 b6 22. Nd2 a5 23. Nf3 c6 24. Rb1 Bc7 25. g3 h6 26. Rb2 Rb8 27. c4 c5 28. d5 Qxa4 29. e5 ({Don't blunder} 29. d6 $2 {[#]} Bxd6 $1 30. Kg2 Bc7 $19) 29... Re8 30. d6 Qd7 {[%emt 0:00:14] Weighted Error Value: White=0.04 (flawless) /Black=0.01 (flawless)} 1/2-1/2

[Event "44th Chess Olympiad Open 2022"]
[Site "Chennai"]
[Date "2022.08.05"]
[Round "7.19"]
[White "Lodici, Lorenzo"]
[Black "Veiga, Jose Francisco R P N"]
[Result "1-0"]
[ECO "C45"]
[WhiteElo "2553"]
[BlackElo "2378"]
[Annotator "RC"]
[PlyCount "65"]
[EventDate "2022.07.29"]
[EventType "team-tourn"]
[EventCountry "IND"]
[SourceTitle "playchess.com"]
[Source "ChessBase"]
[SourceQuality "1"]
[WhiteTeam "Italy"]
[BlackTeam "Portugal"]
[WhiteTeamCountry "ITA"]
[BlackTeamCountry "POR"]
[TimeControl "40/5400+30:1800+30"]

1. e4 e5 2. Nf3 Nc6 3. d4 exd4 4. Nxd4 Bc5 5. Nb3 Bb6 6. Nc3 Nf6 7. Qe2 a5 8. a4 O-O 9. Bg5 h6 10. Bh4 Nd4 11. Qd3 Nxb3 12. cxb3 c6 13. O-O-O Re8 14. f3 d5 15. exd5 g5 16. Bg3 cxd5 17. Kb1 d4 18. Qc2 Bd7 19. Nb5 Nd5 20. Bc4 Bxb5 21. axb5 Kg7 22. Qf5 Nf6 23. Be5 Rxe5 24. Qxe5 a4 25. h4 axb3 26. Bxb3 Qe8 27. Qf5 Qe3 28. Bc2 Rd8 29. Rhe1 Qf4 30. Qxf4 gxf4 31. Re7 Rd7 32. Rxd7 Nxd7 33. Be4 1-0

[Event "44th Chess Olympiad Open 2022"]
[Site "Chennai"]
[Date "2022.08.05"]
[Round "7.19"]
[White "Sousa, Andre Ventura"]
[Black "Moroni, Luca Jr"]
[Result "1/2-1/2"]
[ECO "A22"]
[WhiteElo "2420"]
[BlackElo "2584"]
[Annotator "ChessBase"]
[PlyCount "73"]
[EventDate "2022.07.29"]
[EventType "team-tourn"]
[EventCountry "IND"]
[SourceTitle "playchess.com"]
[Source "ChessBase"]
[SourceQuality "1"]
[WhiteTeam "Portugal"]
[BlackTeam "Italy"]
[WhiteTeamCountry "POR"]
[BlackTeamCountry "ITA"]
[TimeControl "40/5400+30:1800+30"]

1. c4 e5 2. g3 Nf6 3. Bg2 Nc6 4. Nc3 Bb4 5. e4 Bxc3 6. bxc3 d6 7. d3 O-O 8. Ne2 Nd7 9. O-O Nc5 10. f4 exf4 11. Nxf4 Ne7 12. Be3 Ng6 13. d4 Nd7 14. a4 a5 15. Qb3 Rb8 16. Nxg6 hxg6 17. c5 dxc5 18. e5 Qe7 19. Rae1 Nb6 20. d5 c4 21. Qa2 Bf5 22. d6 Qd7 23. Bxb6 cxb6 24. Qxc4 Rbc8 25. Qd4 Be6 26. Bd5 Bxd5 27. Qxd5 Rxc3 28. Rc1 Rc6 29. Rc4 Qe6 30. Qxe6 fxe6 31. Rfc1 Rfc8 32. d7 Rd8 33. Rxc6 bxc6 34. Rxc6 Kf7 35. Rxb6 Rxd7 36. Rb5 Rd5 37. Kf2 1/2-1/2

[Event "44th Chess Olympiad Open 2022"]
[Site "Chennai"]
[Date "2022.08.05"]
[Round "7.19"]
[White "Santos, Jose Guilherme B Lim"]
[Black "Brunello, Sabino"]
[Result "0-1"]
[ECO "D79"]
[WhiteElo "2361"]
[BlackElo "2520"]
[Annotator "RC"]
[PlyCount "80"]
[EventDate "2022.07.29"]
[EventType "team-tourn"]
[EventCountry "IND"]
[SourceTitle "playchess.com"]
[Source "ChessBase"]
[SourceQuality "1"]
[WhiteTeam "Portugal"]
[BlackTeam "Italy"]
[WhiteTeamCountry "POR"]
[BlackTeamCountry "ITA"]
[TimeControl "40/5400+30:1800+30"]

1. d4 Nf6 2. c4 g6 3. g3 c6 4. Nf3 Bg7 5. Bg2 d5 6. O-O O-O 7. cxd5 cxd5 8. Ne5 Ng4 9. Nf3 Nc6 10. Nc3 e6 11. Bf4 Nh6 12. Rc1 Nf5 13. e3 h6 14. g4 g5 15. Bxg5 hxg5 16. gxf5 exf5 17. Ne5 Nxe5 18. dxe5 Bxe5 19. Nxd5 Bxb2 20. Rb1 Bf6 21. Qf3 Be5 22. Qe2 g4 23. f4 Bg7 24. Rfd1 Rb8 25. h3 Qh4 26. hxg4 fxg4 27. e4 b6 28. Rbc1 Be6 29. Ne3 Bh6 30. f5 Bxa2 31. Rc3 Rbc8 32. Rdc1 Bxe3+ 33. Qxe3 Rxc3 34. Rxc3 b5 35. Rc6 Rd8 36. Rh6 Rd1+ 37. Bf1 Qd8 38. Qe2 Qd4+ 39. Kh1 Bc4 40. Qxg4+ Kf8 0-1

[Event "44th Chess Olympiad Open 2022"]
[Site "Chennai"]
[Date "2022.08.05"]
[Round "7.20"]
[White "Bjerre, Jonas Buhl"]
[Black "Keinanen, Toivo"]
[Result "1/2-1/2"]
[ECO "D37"]
[WhiteElo "2608"]
[BlackElo "2477"]
[Annotator "ChessBase"]
[PlyCount "70"]
[EventDate "2022.07.29"]
[EventType "team-tourn"]
[EventCountry "IND"]
[SourceTitle "playchess.com"]
[Source "ChessBase"]
[SourceQuality "1"]
[WhiteTeam "Denmark"]
[BlackTeam "Finland"]
[WhiteTeamCountry "DEN"]
[BlackTeamCountry "FIN"]
[TimeControl "40/5400+30:1800+30"]

1. d4 d5 2. c4 e6 3. Nf3 Nf6 4. Nc3 Be7 5. Bf4 O-O 6. e3 c5 7. dxc5 Bxc5 8. a3 a6 9. Qc2 dxc4 10. Bxc4 b5 11. Bd3 Bb7 12. Rd1 Qc8 13. Ne4 Nbd7 14. Rc1 Nxe4 15. Bxe4 Bxe4 16. Qxe4 Qd8 17. O-O Nf6 18. Qc6 Be7 19. Rfd1 Qc8 20. Ne5 Nd5 21. Bg3 Qxc6 22. Rxc6 Bf6 23. e4 Ne7 24. Rcd6 Nc8 25. R6d3 Nb6 26. b3 Be7 27. a4 bxa4 28. Nc6 Bf6 29. e5 Bg5 30. f4 Bh6 31. Ne7+ Kh8 32. Rd6 Rab8 33. Nc6 Ra8 34. Ne7 Rab8 35. Nc6 Ra8 1/2-1/2

[Event "44th Chess Olympiad Open 2022"]
[Site "Chennai"]
[Date "2022.08.05"]
[Round "7.20"]
[White "Thybo, Jesper Sondergaard"]
[Black "Sipila, Vilka"]
[Result "1/2-1/2"]
[ECO "A96"]
[WhiteElo "2520"]
[BlackElo "2416"]
[Annotator "TA"]
[PlyCount "121"]
[EventDate "2022.07.29"]
[EventType "team-tourn"]
[EventCountry "IND"]
[SourceTitle "playchess.com"]
[Source "ChessBase"]
[SourceQuality "1"]
[WhiteTeam "Denmark"]
[BlackTeam "Finland"]
[WhiteTeamCountry "DEN"]
[BlackTeamCountry "FIN"]
[TimeControl "40/5400+30:1800+30"]

1. d4 e6 2. c4 f5 3. g3 Nf6 4. Bg2 Be7 5. Nf3 O-O 6. O-O d6 7. b3 a5 8. Bb2 Ne4 {[%emt 0:00:41][%cal Oa5a4] Recently 8...a4 got a lot of attention. A96: Classical Dutch: Fluid Systems: Early deviations.} 9. Nfd2 d5 10. f3 Nxd2 11. Nxd2 {[%emt 0:00:20] [#]} Nc6 $146 ({Predecessor:} 11... a4 12. e4 fxe4 13. fxe4 axb3 14. axb3 Rxf1+ 15. Qxf1 Rxa1 16. Bxa1 dxe4 17. Bxe4 Bf6 {½-½ (47) Wischounig,L (1878)-Kern,M (1957) Playchess.com INT 2020}) 12. f4 a4 13. bxa4 Na5 14. Qc2 b6 15. Rfc1 c5 16. cxd5 exd5 17. dxc5 Bxc5+ 18. Kh1 Be6 19. Nf3 Nc4 20. Ng5 Qe8 21. Qb3 (21. Qc3 $5 Nxb2 22. Qxb2 $14) 21... Kh8 22. Nxe6 Qxe6 23. Bf3 Ra7 24. Rd1 ({White should try} 24. Bc3 $14) 24... Nxb2 $11 25. Qxb2 d4 26. Qb3 Qe8 27. Qb5 Ra5 28. Qxe8 Rxe8 29. Rac1 g6 30. Rc4 Kg7 31. Rb1 Re7 32. Rb5 Rea7 33. Rxa5 Rxa5 $14 {[%emt 0:00:04][%mdl 4096] Endgame KRB-KRB} 34. Bc6 Kf6 35. Kg2 Ke6 36. Rc2 Kd6 37. Bb5 Ra7 38. h3 Re7 39. Bd3 Ra7 40. Rc4 Kd5 41. Kf3 h5 42. Kg2 Ra8 43. Kf2 Ra5 44. g4 hxg4 45. hxg4 Ra8 46. Kg3 Ke6 47. Bc2 (47. Rc1 $16) 47... Kd5 $11 48. Bd3 Bd6 {[%emt 0:00:33] [#]} (48... Ke6 $1 $11) 49. gxf5 (49. Rc2 $1 $16) 49... gxf5 50. Rc1 (50. Kf3 $5 ) 50... Re8 (50... Rxa4 $11 {remains equal.} 51. Rh1 Rxa2) 51. Bc4+ (51. Rb1 $16) 51... Ke4 {[%emt 0:00:04] The position is equal.} 52. Rf1 Re7 53. Bd3+ Ke3 54. Rf3+ Kd2 55. Kf2 Re8 56. Bb5 Re4 57. Bd3 Rxf4 58. Rxf4 Bxf4 59. Kf3 Be3 60. Bxf5 Kc3 61. Be6 {[%emt 0:00:49] Weighted Error Value: White=0.13 (very precise) /Black=0.14 (very precise)} 1/2-1/2

[Event "44th Chess Olympiad Open 2022"]
[Site "Chennai"]
[Date "2022.08.05"]
[Round "7.20"]
[White "Sklyarov, Dmitry V."]
[Black "Andersen, Mads"]
[Result "1/2-1/2"]
[ECO "C47"]
[WhiteElo "2474"]
[BlackElo "2587"]
[Annotator "TA"]
[PlyCount "53"]
[EventDate "2022.07.29"]
[EventType "team-tourn"]
[EventCountry "IND"]
[SourceTitle "playchess.com"]
[Source "ChessBase"]
[SourceQuality "1"]
[WhiteTeam "Finland"]
[BlackTeam "Denmark"]
[WhiteTeamCountry "FIN"]
[BlackTeamCountry "DEN"]
[TimeControl "40/5400+30:1800+30"]

1. e4 e5 2. Nf3 Nc6 3. Nc3 Nf6 4. d4 exd4 5. Nxd4 Bb4 6. Nxc6 bxc6 7. Bd3 O-O 8. O-O d5 9. exd5 {[%emt 0:02:31] C47: Scotch Four Knights and Four Knights with 4 g3.} Bg4 10. f3 Bh5 11. dxc6 Qd4+ 12. Kh1 Bxc3 13. bxc3 Qxc3 14. Bf4 Qxc6 15. Qe2 Nd5 16. Bg3 Bg6 (16... Nc3 $5 17. Qe7 Bg6 $11) 17. Bb5 {[%emt 0:01:50] This bishop pair is nice.} Qxc2 18. Qxc2 Bxc2 19. Rfc1 Bf5 20. Bc6 {[%emt 0:09:56] The position is equal.} Rad8 21. Bxd5 Rxd5 22. Rxc7 {[%emt 0:00:07] [#]} Rfd8 $146 {[%emt 0:07:16] [#] And now ...Rd1+ would win.} ({Predecessor:} 22... Rd7 23. Rxd7 Bxd7 24. Rb1 Rc8 25. Rb8 Rxb8 26. Bxb8 Be6 27. Bxa7 Bxa2 28. Bf2 f6 29. Kg1 Kf7 30. h3 h6 {½-½ (30) Sjugirov,S (2680)-Nihal,S (2652) Belgrade 2022}) 23. h4 R8d7 24. Rc8+ Rd8 25. Rc7 R8d7 26. Rc8+ Rd8 27. Rc7 {[%emt 0:00:07] An interesting draw.  Weighted Error Value: White=0.02 (flawless) /Black=0.03 (flawless)} 1/2-1/2